 Dungeon Crawl Stone Soup version 0.31-a0-538-gbc85326fa9 (webtiles) character file.

Game seed: 13679444496122801822

30 randomguy2701 the Grave Robber (level 3, -5/19 HPs)
             Began as a Deep Elf Necromancer on Aug 13, 2023.
             Slain by a gnoll
             ... wielding a +0 flail
              (9 damage)
             ... on level 2 of the Dungeon.
             The game lasted 00:01:43 (986 turns).

randomguy2701 the Grave Robber (DENe)                Turns: 986, Time: 00:01:43

Health: -5/19      AC:  2    Str:  5    XL:     3   Next: 5%
Magic:  6/10       EV: 12    Int: 21    God:
Gold:   19         SH:  0    Dex: 15    Spells: 8/9 levels left

rFire   + . .        h - staff of fire
rCold   . . .        (no shield)
rNeg    . . .        a - +0 robe
rPois   .            (no helmet)
rElec   .            (no cloak)
rCorr   .            (no gloves)
SInv    .            (no boots)
Will    .....        (no amulet)
Stlth   ++           (no ring)
HPRegen 0.23/turn    (no ring)
MPRegen 0.12/turn

%: no passive effects
@: no status effects
A: no striking features
a: no special abilities


You were on level 2 of the Dungeon.
You visited 1 branch of the dungeon, and saw 2 of its levels.

You collected 19 gold pieces.

Inventory:

Armour
 a - a +0 robe (worn)
Magical Staves
 h - a staff of fire (weapon)
Scrolls
 c - a scroll of fog {unknown}
 e - 2 scrolls of amnesia {unknown}
 f - a scroll of brand weapon {unknown}
 g - a scroll of fear {unknown}
 i - a scroll of identify {unknown}
Potions
 b - a potion of magic
 d - a potion of invisibility {unknown}


   Skills:
 + Level 2.5 Dodging
 + Level 2.5 Stealth
 + Level 3.6 Spellcasting
 + Level 5.6 Necromancy


You had 8 spell levels left.
You knew the following spells:

 Your Spells              Type           Power      Damage    Failure   Level
a - Necrotise             Necr           100%       1d9       1%          1

Your spell library contained the following spells:

 Spells                   Type           Power      Damage    Failure   Level
 Vampiric Draining        Necr           27%        2d7       3%          3
 Animate Dead             Necr           27%        N/A       12%         4
 Agony                    Necr           27%        N/A       34%         5
 Call Canine Familiar     Summ           3%         N/A       36%         3
 Portal Projectile        Hex/Tloc       6%         N/A       36%         3
 Vhi's Electric Charge    Tloc/Air       6%         N/A       36%         3
 Leda's Liquefaction      Hex/Erth       1%         N/A       77%         4
 Arcjolt                  Conj/Air       1%         1d11      98%         5
 Plasma Beam              Fire/Air       2%         2x1d12    100%        6


Dungeon Overview and Level Annotations

Branches:
Dungeon (2/15)

Altars:


Message History

A gnoll comes into view. It is wielding a +0 spear.
There are monsters nearby!
There are monsters nearby!
The quokka barely resists.
The quokka misses you. The quokka bites you.
The quokka writhes in agony!
You kill the quokka!
The dead are hopping!
The gnoll writhes in agony.
The gnoll barely misses you. The gnoll attacks as you move away!
The gnoll closely misses you.
Your quokka skeleton bites the gnoll but does no damage.
The goblin hits your quokka skeleton with a +0 club.
Your quokka skeleton closely misses the goblin.
The goblin hits your quokka skeleton with a +0 club.
The gnoll attacks as you move away! The gnoll completely misses you.
Your quokka skeleton bites the goblin.
The gnoll attacks as you move away! The gnoll closely misses you.
Your quokka skeleton barely misses the goblin.
The goblin hits your quokka skeleton with a +0 club.
The gnoll attacks as you move away! The gnoll hits you with a +0 flail!
Ouch! That really hurt!
The goblin barely misses your quokka skeleton.
Your quokka skeleton closely misses the gnoll.
The gnoll hits your quokka skeleton with a +0 halberd!
Your quokka skeleton is destroyed!
You see here a +0 short sword.
Casting: Necrotise (safe; 1% risk of failure)
Confirm with . or Enter, or press ? or * to list all spells.
Aiming: Necrotise (safe; 1% risk of failure)
Press: ? - help, Shift-Dir - straight line, f - gnoll, p - gnoll
Aim: a gnoll, wielding a +0 flail (chance to affect: 88%)
The gnoll barely resists.
The gnoll hits you with a +0 flail.
* * * LOW HITPOINT WARNING * * *
Unknown command.
Casting: Necrotise (safe; 1% risk of failure)
Confirm with . or Enter, or press ? or * to list all spells.
Aiming: Necrotise (safe; 1% risk of failure)
Press: ? - help, Shift-Dir - straight line, f/p - gnoll
Aim: a gnoll, wielding a +0 flail (chance to affect: 88%)
The gnoll writhes in agony!
The gnoll hits you with a +0 flail!
You die...

..###................##
......#....##.........###
....g........#.#......
#.................# #
#..#.##.........#
##.#.g#.##.##.#..#.#
#................#.####.
#..#..gg......#.........
#.......#...g@..........
....######..#####.#.#..#.
.###. #..# #.# # .# . .
##.# #<# ## #.. #.# ###.
#.# . #.. # #.# #.#


You could see 2 gnolls and a goblin.

Vanquished Creatures
  2 bats (D:1)
  2 endoplasms (D:1)
  A goblin (D:1)
  2 hobgoblins (D:1)
  6 jackals (D:1)
  3 quokkas
  A ball python (D:1)
  A frilled lizard (D:1)
  4 kobolds
  2 rats (D:1)
24 creatures vanquished.

Vanquished Creatures (collateral kills)
  2 endoplasms (D:1)
2 creatures vanquished.

Grand Total: 26 creatures vanquished

Notes
Turn   | Place    | Note
-------+----------+-------------------------------------------
     0 | D:1      | randomguy2701 the Deep Elf Necromancer began the quest for
                  | the Orb.
     0 | D:1      | Reached XP level 1. HP: 10/10 MP: 6/6
    41 | D:1      | Upgraded the game from 0.31-a0-532-g28f74ba3e5 to
                  | 0.31-a0-538-gbc85326fa9
   117 | D:1      | Reached skill level 5 in Necromancy
   201 | D:1      | Reached XP level 2. HP: 15/15 MP: 0/8
   776 | D:1      | Reached XP level 3. HP: 19/19 MP: 8/10
   986 | D:2      | Slain by a gnoll

Illustrated notes

Levels and vault maps discovered:
D:1:      zaba_arrival_water, layout_basic, item_on_display_a
D:2:      layout_basic, uniq_terence, uniq_sigmund

Skill      XL: |  1 |
---------------+----+-----
Necromancy     | 5 |  5.6
Dodging        | |  2.5
Stealth        | |  2.5
Spellcasting   | |  3.6

Action                     || total
---------------------------++-------
  Melee: Unarmed           ||     2
   Cast: Necrotise         ||    41
 Armour: Robe              ||     1
  Dodge: Dodged            ||    15

Table legend: (Time is in decaauts)
 A = Elapsed time spent in this place.
 B = Non-inter-level travel time spent in this place.
 C = Inter-level travel time spent in this place.
 D = Time resting spent in this place.
 E = Time spent auto-exploring this place.
 F = Levels seen in this place.
 G = Mean time per level.
                   A        B        C        D        E       F      G
               +--------+--------+--------+--------+--------+-----+--------+
         Total |    992 |    918 |     74 |      0 |    789 |   2 |  496.0 |
       Dungeon |    992 |    918 |     74 |      0 |    789 |   2 |  496.0 |
               +--------+--------+--------+--------+--------+-----+--------+

Top non-repeatable levels by time:
     D:1: 944 daAuts
     D:2: 47 daAuts
